 Dungeon Crawl Stone Soup version 0.29.1-13-g9f3cf754e1 (webtiles) character file.

Game seed: 9818514032634485375

0 KyoPewz the Vexing (level 1, 0/7 HPs)
             Began as a Felid Enchanter on Feb 10, 2023.
             Slain by a jackal (1 damage)
             ... on level 1 of the Dungeon.
             The game lasted 00:00:09 (40 turns).

KyoPewz the Vexing (Felid Enchanter)                  Turns: 40, Time: 00:00:09

Health: 0/7        AC:  1    Str:  4    XL:     1   Next: 8%
Magic:  4/4        EV: 17    Int: 16    God:
Gold:   0          SH:  0    Dex: 16    Spells: 4/4 levels left
                                        Lives:  0   Deaths: 0

rFire   . . .      SeeInvis +     - Unarmed
rCold   . . .      Faith    .   (shield unavailable)
rNeg    . . .      Spirit   .   (body armour unavailable)
rPois   .          Reflect  .   (helmet unavailable)
rElec   .          Harm     .   (cloak unavailable)
rCorr   .          Rampage  .   (gloves unavailable)
Will    .....                   (boots unavailable)
Stlth   +++.......              (no amulet)
HPRegen 0.02/turn               (no ring)
MPRegen 0.09/turn               (no ring)

@: quick
A: very small, claws 1, fangs 3, see invisible, speed 1, shaggy fur 1, stealthy
paws, no weapons or thrown items, no armour, multi-lived
a: no special abilities


You were on level 1 of the Dungeon.
You visited 1 branch of the dungeon, and saw 1 of its levels.

Inventory:

Potions
 a - 2 potions of invisibility


   Skills:
 + Level 2.7 Dodging
 + Level 4.0 Stealth
 + Level 1.0 Unarmed Combat
 + Level 2.0 Spellcasting
 + Level 4.4 Hexes


You had 4 spell levels left.
You didn't know any spells.
Your spell library contained the following spells:

 Spells                   Type           Power      Damage    Failure   Level
 Confusing Touch          Hex            15%        N/A       10%         3
 Tukima's Dance           Hex            15%        N/A       10%         3
 Ensorcelled Hibernation  Hex/Ice        16%        N/A       13%         2
 Dazzling Flash           Conj/Hex       16%        N/A       26%         3


Dungeon Overview and Level Annotations

Branches:
Dungeon (1/15)

Altars:


Innate Abilities, Weirdness & Mutations

You have sharp claws.
You have razor-sharp teeth.
You have supernaturally acute eyesight. (SInv)
You cover ground quickly. (Speed+)
You are covered in fur. (AC +1)
Your paws help you pounce on unaware monsters.
You are incapable of wielding weapons or throwing items.
You cannot wear armour.
You gain extra lives every three experience levels.


Message History

Found a staircase leading out of the dungeon.
You open the door.
There is an open door here.
You open the door.
There is an open door here.
You open the door.
There is an open door here.
A jackal and a bat come into view.
The jackal barks!
A jackal comes into view.
The bat hits you but does no damage.
You scratch the bat.
The bat is moderately wounded.
The bat completely misses you. The jackal misses you.
The bat completely misses you. The bat hits you.
There is an open door, spattered with blood here.
The bat attacks as you move away! The bat misses you. x2
The bat misses you.
There is an open door here.
You barely miss the bat.
The bat is moderately wounded.
The bat misses you. x2
You closely miss the bat. You bite the bat.
You kill the bat!
You closely miss the jackal. You bite the jackal, but do no damage.
The jackal bites you. The jackal closely misses you.
You scratch the jackal but do no damage.
The jackal bites you.
You scratch the jackal but do no damage.
The jackal bites you.
* * * LOW HITPOINT WARNING * * *
The jackal closely misses you.
You barely miss the jackal. The jackal closely misses you.
You barely miss the jackal. Your bite misses the jackal.
The jackal closely misses you.
You scratch the jackal. Your claw misses the jackal.
The jackal is heavily wounded.
The jackal bites you.
You die...

#.#.## #....#
#....# ###....#
#...#### #'#.#
#h#.#
#######h#######
#.......@.....#
#.###########.#
.......#..#
#.#######.#.#
#.......##.#
#.###'###.#.#
#.....#.#.#
#.....#.#.#
+..<..+.#.+


You could see 2 jackals.

Vanquished Creatures
  A bat (D:1)
1 creature vanquished.

Notes
Turn   | Place    | Note
-------+----------+-------------------------------------------
     0 | D:1      | KyoPewz the Felid Enchanter began the quest for the Orb.
     0 | D:1      | Reached XP level 1. HP: 7/7 MP: 4/4
    40 | D:1      | Slain by a jackal

Illustrated notes

Levels and vault maps discovered:
D:1:      matt_arrival_los_fun, layout_loops_ring,
          shapermc_ecumenical_altar_mp_urbaneastern

Action                   || total
-------------------------++-------
Melee: Unarmed           ||     9
       Bite              ||     2
Armor: Skin              ||     1
Dodge: Dodged            ||    12
